 Dungeon Crawl Stone Soup version 0.23.1-37-gaa34b87 (webtiles) character file.

Game seed: 9972155760374998931

1346 myga the Slinger (level 8, -6/79 HPs)
             Began as a Deep Dwarf Hunter on Mar 25, 2019.
             Was an Elder of Ru.
             Mangled by Killmatronix's ghost (12 damage)
             ... on level 6 of the Dungeon on Mar 26, 2019.
             The game lasted 00:40:24 (6815 turns).

myga the Slinger (Deep Dwarf Hunter)                Turns: 6815, Time: 00:40:28

Health: -6/79      AC: 12    Str: 22    XL:     8   Next: 36%
Magic:  3/8        EV: 12    Int: 11    God:    Ru [****..]
Gold:   361        SH:  0    Dex: 17    Spells: 7/7 levels left

rFire    x . .     SeeInvis .   I - +2 war axe (chop)
rCold    x . .     Gourm    .   (no shield)
rNeg     . . .     Faith    .   J - +0 scale mail
rPois    .         Spirit   .   (helmet restricted)
rElec    .         Reflect  .   p - +0 cloak
rCorr    .         Harm     .   j - +1 pair of gloves
MR       .....                  (no boots)
Stlth    +.........             (no amulet)
HPRegen  0.00/turn              (no ring)
MPRegen  0.11/turn              (no ring)

@: mighty, lethally poisoned (-6 -> -24), exhausted, non-regenerating
A: damage resistance, heal wounds, horns 1, slimy green scales 1, thin skeletal
structure 1, sense surroundings 1, robust 1, magic vulnerability 1, temperature
sensitive, no regeneration
a: Heal Wounds, Draw Out Power, Power Leap, Renounce Religion


You were on level 6 of the Dungeon.
You worshipped Ru.
Ru was greatly pleased with you.
You were not hungry.

You visited 2 branches of the dungeon, and saw 7 of its levels.
You also visited: Sewer.

You collected 361 gold pieces.

Inventory:

Hand Weapons
 a - a +3 hunting sling
 f - a +0 hand axe
 h - a +0 broad axe
 t - a +1 dagger of freezing
 x - a +0 dagger of venom
 y - a +1 dagger of draining
 E - a +0 war axe
 H - a +2 dagger of speed
 I - a +2 war axe of chopping (weapon)
 K - a +0 hunting sling
 L - a +0 battleaxe
Missiles
 d - 25 sling bullets
 k - 144 stones (quivered)
Armour
 e - a +0 leather armour
 j - a +1 pair of gloves (worn)
 p - a +0 cloak (worn)
 A - a +0 ring mail
 C - a +0 leather armour
 J - a +0 scale mail (worn)
 M - a +0 helmet
Wands
 b - a wand of paralysis (5)
Scrolls
 c - a scroll of fog
 g - a scroll of magic mapping
 l - 3 scrolls of teleportation
 m - 3 scrolls of fear
 n - 3 scrolls of enchant armour
 r - 2 scrolls of amnesia
 B - a scroll of remove curse
 G - a scroll of summoning {unknown}
Potions
 i - 3 potions of curing
 o - a potion of might
 q - a potion of degeneration
 s - 2 potions of brilliance
 u - a potion of agility
 v - a potion of ambrosia
 z - a potion of heal wounds
 F - a potion of flight
Comestibles
 D - 3 rations


   Skills:
 + Level 4.1 Fighting
 + Level 0.9 Short Blades
 + Level 4.6 Axes
 + Level 8.8 Slings
 + Level 2.9 Armour
 + Level 3.2 Dodging
 + Level 2.3 Stealth


You had 7 spell levels left.
You didn't know any spells.
Your spell library was empty.

Dungeon Overview and Level Annotations

Branches:
Dungeon (6/15)             Temple (1/1) D:4

Altars:
Ashenzari
Cheibriados
Dithmenos
Elyvilon
Fedhas
Gozag
Hepliaklqana
Kikubaaqudgha
Nemelex Xobeh
Okawaru
Qazlal
Ru
Sif Muna
Trog
Uskayaw
Vehumet
Wu Jian
Xom
Yredelemnul
Zin

Annotations:
D:6 1 transporter, Killmatronix's ghost, novice DrWn


Innate Abilities, Weirdness & Mutations

You are resistant to damage.
You can heal yourself by infusing magical energy.
You passively map a small area around you.
You are slightly vulnerable to magic. (MR-)
You are sensitive to extremes of temperature. (rF-, rC-)
You do not regenerate.
You have a pair of small horns on your head.
You are partially covered in slimy green scales. (AC +2)
You have a somewhat thin skeletal structure. (Dex +2, Stealth)
You are robust. (+10% HP)


Message History

You kill the killer bee!
* * * LOW HITPOINT WARNING * * *
You feel very sick.
The killer bee rages.
The killer bee closely misses you. Killmatronix's ghost misses you.
The killer bee stings you.
* * * LOW HITPOINT WARNING * * *
You barely miss the killer bee. You headbutt the killer bee.
The killer bee is lightly wounded.
You closely miss Killmatronix's ghost.
* * * LOW HITPOINT WARNING * * *
You feel very sick. The killer bee closely misses you.
The killer bee stings you!
* * * LOW HITPOINT WARNING * * *
You are more poisoned.
The killer bee poisons you!
You focus your will and blind the killer bee in retribution!
Killmatronix's ghost hits you but does no damage.
The killer bee closely misses you. Killmatronix's ghost hits you!
You die...

#..#####%yWy.#####...........
#.###...#...#...###..........
#.##..#..###..#..##..........
##.###...#y..#.#.###.........#
#...#####..#..#####........)##
#..###...#%..#...###.......###
#..##..#..###..#..##..........
##..###.#.#..W#...###..........
###....#####.†yy@#####...........
#.......#############............
....#.........©.......#........##
..####.........########.......##
### ###......## ##.....)..# #
##.....# ####(........## #
##...#####..(..........## #
#...............###....#
##..........#...# ###...


You could see a queen bee, a killer bee (berserk) and Killmatronix's ghost.

Vanquished Creatures
  An ogre (D:6)
  2 centaurs
  Blork the orc (D:4)
  3 bullfrogs
  3 killer bees (D:6)
  A crimson imp (D:5)
  2 orc priests
  A hound (D:5)
  A bullfrog skeleton (D:6)
  3 orc wizards
  An iguana (D:5)
  4 worker ants
  A howler monkey zombie (D:5)
  4 gnolls
  5 adders
  2 river rats (D:5)
  9 oozes (Sewer)
  2 adder skeletons
  An adder zombie (D:5)
  A worm (D:2)
  6 dart slugs
  11 leopard geckos
  18 orcs
  29 giant cockroaches
  7 goblins
  9 hobgoblins
  10 jackals
  7 kobolds
  2 quokkas
  8 ball pythons
  5 bats
  8 frilled lizards
  A leopard gecko skeleton (D:4)
  6 rats
175 creatures vanquished.

Vanquished Creatures (others)
  A killer bee (D:6)
1 creature vanquished.

Grand Total: 176 creatures vanquished

Notes
Turn   | Place    | Note
-------+----------+-------------------------------------------
     0 | D:1      | myga the Deep Dwarf Hunter began the quest for the Orb.
     0 | D:1      | Reached XP level 1. HP: 19/19 MP: 1/1
    60 | D:1      | Reached XP level 2. HP: 26/26 MP: 2/2
   216 | D:1      | Reached skill level 5 in Slings
   434 | D:1      | Reached XP level 3. HP: 32/32 MP: 3/3
   849 | D:2      | Reached XP level 4. HP: 35/39 MP: 4/4
  1038 | D:2      | Reached skill level 6 in Slings
  1044 | D:2      | Reached skill level 1 in Armour
  2260 | D:2      | Found an ornate altar of the Wu Jian Council.
  2568 | D:3      | Reached XP level 5. HP: 22/45 MP: 5/5
  2640 | D:3      | Found a shimmering altar of Xom.
  2640 | D:3      | Found a shimmering altar of Xom.
  2640 | D:3      | Found a shimmering altar of Xom.
  2640 | D:3      | Found a shimmering altar of Xom.
  2640 | D:3      | Found a shimmering altar of Xom.
  2641 | D:3      | Found a shimmering altar of Xom.
  2641 | D:3      | Found a shimmering altar of Xom.
  2795 | D:3      | Found a sacrificial altar of Ru.
  2806 | D:3      | Became a worshipper of Ru the Awakened
  3385 | D:4      | Found an ancient bone altar of Kikubaaqudgha.
  3537 | D:4      | Found a bloodstained altar of Trog.
  3639 | D:4      | Noticed Blork the orc
  3655 | D:4      | Killed Blork the orc
  3655 | D:4      | Reached skill level 7 in Slings
  3655 | D:4      | Reached XP level 6. HP: 25/55 MP: 6/6
  3763 | D:4      | Gained mutation: You are sensitive to extremes of
                  | temperature. (rF-, rC-) [Ru sacrifice]
  3763 | D:4      | Reached * piety under Ru
  3763 | D:4      | Reached ** piety under Ru
  3943 | D:4      | Found a staircase to the Ecumenical Temple.
  3972 | Temple   | Entered the Ecumenical Temple
  4227 | D:4      | Found a radiant altar of Vehumet.
  4440 | D:4      | Gained mutation: You possess an exceptional clarity of
                  | mind. [potion of mutation]
  4440 | D:4      | Gained mutation: You are robust. (+10% HP) [potion of
                  | mutation]
  4440 | D:4      | Gained mutation: Armour fits poorly on your strangely
                  | shaped body. [potion of mutation]
  4440 | D:4      | Gained mutation: You have a pair of small horns on your
                  | head. [potion of mutation]
  4530 | D:5      | Entered Level 5 of the Dungeon
  4632 | D:5      | Reached skill level 1 in Axes
  4892 | D:5      | Reached XP level 7. HP: 19/68 MP: 7/7
  4954 | D:5      | Found a basalt altar of Yredelemnul.
  5013 | D:5      | Found a glowing drain.
  5029 | Sewer    | Entered a sewer
  5316 | Sewer    | Reached skill level 8 in Slings
  5325 | Sewer    | Gained mutation: You are slightly vulnerable to magic.
                  | (MR-) [Ru sacrifice]
  5325 | Sewer    | Reached *** piety under Ru
  5325 | Sewer    | Reached **** piety under Ru
  5753 | D:5      | Lost mutation: You possess an exceptional clarity of mind.
                  | [potion of mutation]
  5753 | D:5      | Lost mutation: Armour fits poorly on your strangely shaped
                  | body. [potion of mutation]
  5753 | D:5      | Gained mutation: You have a somewhat thin skeletal
                  | structure. (Dex +2, Stealth) [potion of mutation]
  5753 | D:5      | Gained mutation: You are partially covered in slimy green
                  | scales. (AC +2) [potion of mutation]
  5796 | D:6      | Found a transporter.
  5809 | D:6      | Found a transporter.
  5811 | D:6      | Noticed Killmatronix's ghost (novice DrWn)
  5936 | D:6      | Found a hide-covered altar of Uskayaw.
  5944 | D:6      | Noticed a +0 dagger
  5945 | D:6      | Noticed a +0 hand axe
  6253 | D:6      | Reached XP level 8. HP: 14/79 MP: 8/8
  6399 | D:6      | HP: 3/79 [centaur/arrow (11)]
  6412 | D:6      | Noticed a queen bee
  6815 | D:6      | Mangled by Killmatronix's ghost

Skill      XL: |  1  2  3  4  5  6  7  8 |
---------------+-------------------------+-----
Slings         | 5 6 7 8 |  8.8
Fighting       | 2 3 4 |  4.1
Armour         | 1 2 |  2.9
Axes           | 2 3 4 |  4.6
Stealth        | 2 |  2.3
Dodging        | 3 |  3.2
Short Blades   | |  0.9

Action                   |  1- 3 |  4- 6 |  7- 9 || total
-------------------------+-------+-------+-------++-------
Melee: Short sword       |    18 |     3 |       ||    21
       Dagger            |       |    32 |       ||    32
       War axe           |       |    12 |    50 ||    62
       Broad axe         |       |     7 |    11 ||    18
       Headbutt          |       |     2 |    11 ||    13
 Fire: Hunting sling     |    53 |   184 |   123 ||   360
Invok: Sacrifice Resista |       |     1 |       ||     1
       Sacrifice Essence |       |       |     1 ||     1
       Power Leap        |       |       |     1 ||     1
 Abil: Heal Wounds       |       |     3 |     4 ||     7
  Use: Scroll            |       |    11 |     5 ||    16
       Potion            |       |     3 |     2 ||     5
 Stab: Sleeping          |       |     2 |     3 ||     5
  Eat: Chunk             |       |     5 |     6 ||    11
       Ration            |       |     2 |       ||     2
Armor: Leather armour    |     8 |    22 |    17 ||    47
       Scale mail        |       |       |    35 ||    35
Dodge: Dodged            |    13 |    65 |    98 ||   176
